Map: Black Site 2E

Players

Restaurador

  • Race: Protoss Protoss
  • Spawn Location: 9:00

Metasapien

  • Race: Zerg Zerg
  • Spawn Location: 11:00

Cheesenberg

  • Race: Protoss Protoss
  • League: Platinum
  • Spawn Location: 12:00

fugitif

  • Race: Zerg Zerg
  • Spawn Location: 5:00

WarLorD

  • Race: Protoss Protoss
  • Spawn Location: 6:00

FernandoHase

  • Race: Protoss Protoss
  • Spawn Location: 3:00

VOD

Have the link to the VOD?

Description

Time

  • Played on: Aug. 20, 2017, 1:25 p.m.
  • Length: 20:54
Show
View Real Time Build Order
Export as new Build Order

Restaurador Protoss 

Build Orders: Cannon Rush 

Get SALT Encoding   

  12  0:15  Pylon  
  12  0:16  Probe (Chrono Boost)  
  14  0:28  Probe (Chrono Boost)  
  14  0:37  Forge  
  14  0:59  Pylon  
  14  1:07  Probe (Chrono Boost)  
  15  1:14  Gateway  
  15  1:18  Photon Cannon  
  15  1:21  Probe (Chrono Boost)  
  16  1:37  Photon Cannon  
  16  1:59  Photon Cannon  
  16  2:16  Probe (Chrono Boost)  
  16  2:17  Cybernetics Core  
  17  2:30  Photon Cannon  
  17  2:39  Pylon  
  17  2:59  Photon Cannon  
  17  3:00  Photon Cannon  
  17  3:01  Photon Cannon  
  17  3:04  Photon Cannon  
  17  3:22  Photon Cannon  
  17  3:29  Photon Cannon, Pylon  
  17  3:52  Assimilator  
  17  3:57  Assimilator  
  17  3:58  Probe (Chrono Boost)  
  18  4:02  Gateway  
  18  4:03  Gateway  
  18  4:05  Zealot  
  20  4:12  Pylon  
  20  4:14  Probe (Chrono Boost)  
  21  4:31  Probe (Chrono Boost)  
  22  4:41  Probe (Chrono Boost)  
  22  4:45  Warp Gate (Chrono Boost)  
  23  4:50  Stalker  
  25  4:58  Stalker  
  27  5:09  Stalker  
  27  5:12  Probe  
  30  5:22  Pylon  
  30  5:26  Protoss Ground Weapons Level 1  
  30  5:27  Pylon  
  30  5:43  Gateway  
  30  5:45  Twilight Council  
  30  5:53  Stalker  
  32  6:20  Pylon  
  32  6:25  Blink (Chrono Boost)  
  32  6:26  Pylon  
  32  6:39  Stalker x2  
  36  6:49  Stalker  
  38  7:17  Nexus  
  38  7:20  Protoss Ground Armor Level 1  
  38  7:33  Pylon  
  37  7:50  Photon Cannon  
  37  7:53  Photon Cannon  
  37  7:58  Stalker  
  39  8:15  Probe  
  40  8:27  Probe  
  40  8:28  Pylon  
  40  8:29  Probe  
  40  8:31  Pylon  
  40  8:32  Stalker  
  44  8:39  Probe x2  
  46  8:51  Probe  
  47  8:56  Stalker x2  
  51  9:14  Photon Cannon  
  51  9:16  Photon Cannon  
  51  9:22  Protoss Shields Level 1  
  41  9:59  Probe  
  33  10:01  Probe  
  33  10:06  Assimilator  
  35  10:07  Assimilator, Stalker  
  35  10:08  Stalker x2  
  35  10:09  Probe  
  35  10:13  Probe  
  43  10:18  Stalker  
  33  10:58  Probe  
  33  11:00  Probe  
  33  11:03  Stalker x3  
  33  11:04  Stalker  
  43  11:05  Protoss Ground Weapons Level 2 (Chrono Boost)  
  43  11:14  Gateway  
  43  11:15  Gateway  
  43  11:17  Gateway  
  43  11:51  Stalker x4  
  51  11:57  Charge (Chrono Boost)  
  51  12:02  Mothership Core  
  53  12:14  Stalker x2  
  53  12:15  Stalker  
  59  12:24  Probe  
  59  12:26  Probe  
  59  12:29  Stalker  
  63  12:32  Stalker  
  65  12:53  Stalker x3  
  71  13:01  Stalker  
  71  13:02  Stalker  
  76  13:12  Probe  
  76  13:15  Probe  
  77  13:26  Protoss Ground Weapons Level 3  
  77  13:30  Probe  
  78  13:35  Stalker x4  
  64  14:58  Stalker x7  
  76  15:31  Stalker x6  
  76  15:32  Stalker  
  69  16:03  Stalker  
  69  16:04  Stalker x5  
  50  16:06  Stalker  
  46  16:30  Stalker x3  
  46  16:31  Stalker x3  
  44  17:08  Zealot x6  
  50  17:09  Zealot  
  58  18:14  Stalker x5  
  58  18:15  Stalker  
  29  20:10  Stalker  
Show
View Real Time Build Order
Export as new Build Order

Metasapien Zerg 

Build Orders: Hatch First 

Get SALT Encoding   

  12  0:02  Drone  
  13  0:19  Drone  
  13  0:20  Overlord  
  14  0:39  Drone x2  
  16  0:54  Hatchery  
  15  1:02  Drone  
  16  1:13  Spawning Pool  
  15  1:19  Extractor  
  15  1:21  Drone x2  
  16  1:31  Overlord  
  16  1:34  Drone  
  17  1:47  Drone  
  18  2:00  Zergling x2  
  19  2:06  Zergling x2  
  20  2:10  Queen  
  20  2:12  Zergling x2  
  23  2:18  Zergling x2  
  23  2:19  Zergling x2  
  25  2:28  Queen, Drone  
  28  2:32  Metabolic Boost  
  28  2:35  Extractor, Drone  
  28  2:43  Drone  
  29  2:58  Drone  
  30  3:00  Drone  
  30  3:01  Drone  
  30  3:02  Overlord  
  32  3:08  Drone  
  33  3:22  Lair  
  33  3:28  Drone x3  
  33  3:29  Drone x3  
  33  3:33  Extractor  
  38  3:34  Drone  
  38  3:35  Extractor  
  38  3:41  Drone x2  
  39  4:06  Zergling x8  
  39  4:27  Hydralisk Den  
  39  4:30  Spire  
  37  4:32  Drone x3  
  37  4:33  Drone x2  
  42  4:44  Drone  
  43  4:46  Zergling x2  
  43  4:50  Overlord x2  
  44  5:01  Hatchery, Overlord  
  44  5:03  Muscular Augments  
  44  5:07  Drone  
  44  5:09  Drone x3  
  44  5:10  Drone  
  48  5:36  Queen  
  48  5:38  Hydralisk x5  
  60  5:46  Evolution Chamber  
  60  5:49  Evolution Chamber  
  58  5:56  Drone x3  
  61  6:05  Drone x2  
  61  6:06  Overlord x2  
  63  6:14  Zerg Missile Weapons Level 1  
  63  6:16  Zerg Ground Armor Level 1  
  63  6:17  Drone  
  64  6:27  Drone  
  65  6:33  Drone  
  65  6:34  Drone x5  
  65  6:37  Extractor  
  70  6:40  Extractor, Drone  
  70  6:52  Pneumatized Carapace  
  70  7:09  Drone x3  
  70  7:10  Drone x2  
  75  7:18  Drone  
  75  7:21  Drone x6  
  82  7:39  Hydralisk  
  82  7:40  Hydralisk x3  
  82  7:41  Overlord x2  
  82  7:42  Overlord  
  89  8:00  Hydralisk x2  
  89  8:01  Hydralisk x3  
  99  8:12  Spore Crawler  
  98  8:14  Spore Crawler  
  98  8:16  Drone x3  
  100  8:20  Spore Crawler  
  100  8:22  Spore Crawler  
  100  8:25  Spore Crawler  
  100  8:26  Hydralisk x4  
  103  9:15  Hatchery  
  102  9:27  Zerg Missile Weapons Level 2  
  102  9:28  Hatchery, Zerg Ground Armor Level 2  
  101  9:35  Infestation Pit, Drone  
  101  9:36  Drone  
  102  9:41  Corruptor x3  
  102  9:44  Overlord x3  
  106  9:58  Overlord x6  
  106  9:59  Overlord x3  
  105  10:05  Drone  
  105  10:06  Spore Crawler  
  105  10:24  Nydus Network  
  105  10:25  Zerg Flyer Weapons Level 1  
  105  10:26  Corruptor x3  
  105  10:27  Hydralisk  
  105  10:28  Hydralisk x5  
  112  10:29  Hydralisk  
  112  10:32  Drone  
  117  10:57  Hydralisk x4  
  117  10:58  Hydralisk x2, Corruptor x3  
  117  11:04  Overseer x2  
  135  11:05  Drone x3  
  135  11:07  Queen  
  135  11:10  Corruptor  
  135  11:11  Hydralisk x3, Corruptor x3  
  142  11:12  Hydralisk, Corruptor  
  158  11:47  Hydralisk x3  
  158  11:48  Hydralisk x3  
  158  11:49  Hydralisk x3, Corruptor x3  
  158  11:50  Corruptor  
  184  12:06  Infestation Pit  
  184  12:07  Extractor  
  182  12:10  Extractor  
  181  12:16  Corruptor  
  181  12:17  Corruptor x2  
  181  12:18  Hydralisk x3, Corruptor  
  195  12:48  Zerg Flyer Armor Level 1  
  195  12:50  Hive  
  195  12:56  Drone  
  195  12:57  Drone x2  
  198  13:17  Overlord x2  
  198  13:18  Overlord  
  198  14:06  Nydus Canal  
  198  14:29  Nydus Canal  
  198  15:00  Drone  
  198  15:01  Drone  
  200  15:12  Greater Spire  
  200  15:14  Zerg Missile Weapons Level 3  
  200  15:16  Zerg Ground Armor Level 3  
  186  15:56  Corruptor x2  
  186  15:57  Corruptor x5  
  154  16:14  Hydralisk  
  154  16:15  Overlord, Hydralisk x32  
  174  16:24  Hydralisk x3  
  174  16:32  Hydralisk x3  
  164  16:36  Hydralisk x2  
  161  16:41  Hydralisk x3  
  161  16:42  Hydralisk  
  85  17:03  Brood Lord x6  
  85  17:04  Brood Lord  
  79  17:30  Overlord, Hydralisk x2  
  79  17:31  Hydralisk x14  
  88  18:35  Hatchery  
  87  18:41  Hatchery  
  87  18:45  Hatchery  
  73  19:12  Corruptor  
  73  19:13  Corruptor x4  
  66  20:07  Corruptor  
  66  20:19  Drone x2  
Show
View Real Time Build Order
Export as new Build Order

Cheesenberg Protoss 

Build Orders: Zealot Archon 

Get SALT Encoding   

  12  0:05  Probe (Chrono Boost)  
  13  0:18  Pylon  
  13  0:22  Probe (Chrono Boost)  
  14  0:29  Assimilator  
  14  0:32  Probe (Chrono Boost)  
  15  0:44  Gateway  
  15  0:52  Probe (Chrono Boost)  
  15  0:53  Assimilator  
  16  1:04  Probe (Chrono Boost)  
  17  1:15  Probe (Chrono Boost)  
  19  1:25  Probe (Chrono Boost)  
  19  1:28  Gateway  
  19  1:36  Probe (Chrono Boost)  
  20  1:46  Forge  
  20  1:57  Probe (Chrono Boost)  
  20  1:59  Zealot (Chrono Boost)  
  23  2:12  Cybernetics Core  
  23  2:44  Nexus  
  23  2:57  Protoss Ground Weapons Level 1 (Chrono Boost)  
  23  3:38  Twilight Council  
  23  3:47  Pylon  
  23  3:53  Assimilator  
  23  3:56  Zealot x2, Probe x2  
  23  3:57  Pylon  
  29  4:07  Probe  
  29  4:08  Probe  
  31  4:16  Gateway  
  31  4:17  Probe  
  31  4:20  Probe  
  31  4:23  Charge (Chrono Boost)  
  33  4:32  Dark Shrine  
  33  4:35  Probe  
  33  4:37  Probe  
  35  4:46  Warp Gate (Chrono Boost)  
  35  4:50  Pylon  
  35  5:02  Gateway  
  35  5:04  Gateway  
  35  5:06  Probe  
  36  5:16  Probe  
  37  5:27  Probe  
  37  5:29  Assimilator  
  37  5:33  Probe  
  39  5:37  Probe  
  40  5:45  Probe  
  40  5:49  Probe  
  42  5:57  Probe  
  42  6:01  Gateway x2, Probe  
  42  6:02  Gateway  
  44  6:06  Protoss Ground Weapons Level 2 (Chrono Boost)  
  44  6:09  Probe  
  45  6:13  Probe  
  46  6:26  Probe  
  47  6:38  Probe  
  48  6:49  Dark Templar x3  
  48  6:50  Dark Templar x2, Probe  
  59  7:02  Probe  
  60  7:15  Nexus  
  60  7:27  Dark Templar  
  62  7:34  Pylon  
  62  7:36  Pylon  
  62  7:39  Pylon  
  62  7:44  Pylon, Archon x2  
  62  7:45  Archon  
  62  7:55  Pylon  
  61  7:58  Pylon  
  61  8:02  Photon Cannon  
  61  8:05  Photon Cannon  
  59  8:07  Photon Cannon  
  59  8:11  Dark Templar x2  
  59  8:12  Dark Templar x5  
  59  8:13  Dark Templar  
  56  8:26  Probe  
  51  8:32  Archon  
  51  8:33  Archon  
  46  8:34  Archon  
  46  8:35  Archon  
  46  8:38  Probe  
  43  8:50  Probe  
  44  9:02  Probe  
  45  9:07  Probe  
  46  9:14  Probe  
  47  9:26  Probe  
  47  9:28  Probe  
  49  9:38  Probe  
  49  9:40  Probe x2  
  48  9:51  Probe  
  43  10:08  Probe  
  43  10:09  Probe x2  
  45  10:21  Probe  
  40  11:01  Stalker  
  40  11:02  Stalker x2  
  24  11:43  Stalker x3  
  24  11:46  Probe  
  31  11:53  Probe  
  21  11:59  Probe  
  23  12:10  Pylon  
  23  12:46  Dark Shrine  
  23  12:48  Probe  
  24  12:52  Probe  
  25  13:00  Probe  
  25  13:04  Probe  
  27  13:12  Probe  
  28  13:16  Probe  
  29  13:24  Probe  
  30  13:28  Mothership Core  
  32  13:36  Probe  
  33  13:42  Probe  
  34  13:49  Probe  
  34  13:53  Probe  
  34  13:55  Probe  
  37  14:01  Probe  
  38  14:03  Probe  
  38  14:07  Probe  
  40  14:13  Probe  
  40  14:14  Probe  
  42  14:19  Probe  
  43  14:24  Probe  
  43  14:25  Probe  
  45  14:31  Probe  
  45  14:35  Probe  
  45  14:38  Probe  
  48  14:41  Zealot x2  
  48  14:42  Dark Templar x2  
  48  14:43  Dark Templar x3  
  62  14:45  Probe  
  63  14:56  Probe  
  58  15:06  Dark Templar  
  60  15:21  Dark Templar x3  
  62  15:22  Dark Templar x3  
  62  15:23  Dark Templar  
  74  15:51  Archon x2  
  74  15:53  Archon x2  
  74  15:54  Archon x2  
  74  16:06  Dark Templar x4  
  74  16:07  Dark Templar  
  74  16:08  Dark Templar  
  74  16:10  Dark Templar  
  18  18:22  Dark Templar  
  12  19:40  Dark Templar x2  
  12  19:41  Dark Templar x3  
Show
View Real Time Build Order
Export as new Build Order

fugitif Zerg 

Build Orders: Pool First 

Get SALT Encoding   

  12  0:01  Drone  
  13  0:10  Drone  
  14  0:22  Overlord  
  15  0:42  Drone  
  15  0:43  Drone x2  
  17  0:51  Spawning Pool  
  17  0:54  Drone  
  17  1:16  Hatchery, Drone  
  17  1:18  Drone  
  18  1:25  Extractor  
  17  1:26  Drone  
  18  1:38  Drone  
  19  1:45  Queen  
  21  1:55  Drone  
  21  1:56  Extractor  
  21  2:03  Drone  
  22  2:23  Overlord  
  22  2:28  Queen, Drone x2  
  26  2:32  Drone  
  26  2:35  Lair  
  27  2:44  Drone  
  27  2:45  Drone  
  29  2:52  Drone x2  
  29  2:57  Drone x2  
  33  2:58  Drone  
  33  3:02  Drone  
  35  3:09  Drone  
  36  3:18  Extractor  
  36  3:19  Drone  
  36  3:22  Extractor  
  36  3:26  Drone  
  36  3:28  Overlord  
  36  3:45  Metabolic Boost  
  36  3:46  Queen  
  36  3:47  Spire  
  37  3:52  Spine Crawler  
  37  3:54  Zergling x14  
  37  3:55  Zergling x2  
  44  4:08  Spine Crawler  
  43  4:14  Spine Crawler  
  40  4:29  Drone x4  
  44  4:40  Evolution Chamber  
  44  4:42  Drone  
  44  4:43  Overlord, Evolution Chamber, Drone  
  44  4:45  Overlord  
  44  5:01  Mutalisk x2  
  44  5:02  Mutalisk  
  44  5:04  Mutalisk  
  52  5:11  Mutalisk  
  54  5:17  Drone  
  54  5:18  Drone x2  
  54  5:19  Drone  
  58  5:28  Mutalisk  
  60  5:37  Overlord  
  60  5:54  Overlord  
  60  5:55  Overlord  
  60  5:57  Mutalisk x3  
  60  6:01  Mutalisk  
  68  6:08  Overlord  
  68  6:10  Overlord  
  68  6:21  Mutalisk  
  68  6:22  Mutalisk  
  68  6:24  Mutalisk  
  74  6:29  Mutalisk  
  76  6:38  Zerg Flyer Weapons Level 1  
  76  6:42  Drone x3  
  76  6:44  Drone  
  76  6:46  Drone  
  81  6:48  Drone  
  81  6:50  Drone  
  81  6:53  Drone  
  84  6:55  Drone  
  84  6:58  Drone  
  84  7:00  Drone  
  87  7:28  Hatchery  
  86  7:50  Mutalisk  
  88  7:57  Mutalisk x2  
  88  7:58  Mutalisk  
  94  8:18  Mutalisk  
  94  8:19  Mutalisk  
  84  8:57  Zergling x2  
  84  8:58  Zergling x14  
  92  9:22  Zerg Melee Weapons Level 1  
  92  9:23  Zerg Ground Armor Level 1  
  92  9:24  Extractor  
  92  9:28  Extractor  
  92  9:29  Infestation Pit  
  89  9:33  Mutalisk  
  89  9:34  Mutalisk x7  
  103  10:24  Overlord, Zergling x6  
  103  10:25  Overlord x4  
  103  10:26  Overlord  
  106  10:46  Zergling x2  
  106  10:47  Zergling x26  
  106  10:48  Zergling x4  
  122  11:00  Hive  
  118  11:41  Zergling x6  
  118  11:42  Zergling x28  
  135  12:05  Zerg Melee Weapons Level 2, Zerg Ground Armor Level 2  
  136  12:08  Drone  
  136  12:09  Drone x7  
  143  12:44  Adrenal Glands  
  143  12:47  Zerg Flyer Armor Level 1  
  143  12:55  Ultralisk Cavern  
  142  13:07  Zergling x2  
  142  13:08  Zergling x22  
  154  13:27  Spore Crawler  
  153  13:49  Overlord  
  153  13:50  Overlord x10  
  153  13:53  Chitinous Plating  
  152  14:17  Baneling Nest  
  152  14:18  Hatchery  
  152  14:19  Ultralisk x6  
  152  14:20  Ultralisk x2  
  197  15:42  Hatchery  
  196  15:51  Hatchery  
  147  16:23  Ultralisk x9  
  147  16:25  Zergling x4  
  184  16:26  Zergling x2  
  133  17:14  Zergling x2  
  133  17:15  Zergling x30  
  143  17:17  Zergling x2  
  146  17:29  Spore Crawler x2  
  142  17:31  Spine Crawler  
  121  17:46  Overseer x5  
  121  17:47  Overseer  
  109  19:06  Overseer x2  
  109  19:07  Overseer x2  
  109  19:28  Hatchery  
  108  19:36  Spore Crawler  
  107  19:39  Spine Crawler  
  107  19:42  Spine Crawler  
  105  20:17  Drone  
  105  20:18  Drone x8  
Show
View Real Time Build Order
Export as new Build Order

WarLorD Protoss 

Build Orders:  

Get SALT Encoding   

  12  0:14  Pylon  
  12  0:20  Assimilator  
  12  0:23  Probe (Chrono Boost)  
  13  0:34  Probe (Chrono Boost)  
  14  0:44  Probe (Chrono Boost)  
  14  0:49  Forge  
  15  0:55  Probe (Chrono Boost)  
  16  1:05  Probe (Chrono Boost)  
  17  1:25  Pylon  
  17  1:54  Pylon  
  17  1:59  Probe (Chrono Boost)  
  17  2:01  Gateway  
  17  2:09  Photon Cannon, Probe (Chrono Boost)  
  17  2:11  Photon Cannon  
  17  2:14  Photon Cannon  
  17  2:35  Photon Cannon  
  17  2:40  Photon Cannon  
  17  2:50  Photon Cannon  
  16  2:53  Zealot (Chrono Boost)  
  16  2:56  Pylon  
  18  3:17  Zealot (Chrono Boost)  
  17  3:45  Probe  
  18  3:50  Zealot (Chrono Boost)  
  20  3:57  Probe  
  21  4:31  Pylon  
  21  4:54  Photon Cannon  
  21  4:55  Photon Cannon  
  21  5:03  Pylon  
  21  5:08  Cybernetics Core  
  21  5:13  Pylon  
  21  5:14  Pylon  
  21  5:26  Photon Cannon  
  21  5:40  Photon Cannon  
  21  5:49  Stargate  
  21  5:51  Assimilator  
  21  5:52  Probe  
  21  5:56  Stalker (Chrono Boost)  
  24  6:04  Probe  
  25  6:16  Probe  
  26  6:22  Photon Cannon  
  26  6:28  Probe (Chrono Boost)  
  27  6:33  Photon Cannon  
  27  6:41  Probe (Chrono Boost)  
  28  6:51  Probe (Chrono Boost)  
  29  6:55  Photon Cannon  
  29  7:02  Probe (Chrono Boost)  
  29  7:04  Oracle (Chrono Boost)  
  33  7:13  Probe  
  34  7:22  Assimilator  
  34  7:25  Probe  
  34  7:28  Assimilator  
  35  7:37  Probe  
  36  7:44  Fleet Beacon  
  36  7:49  Probe  
  37  8:01  Probe  
  38  8:13  Probe  
  39  8:26  Probe  
  40  8:38  Probe  
  41  8:47  Carrier (Chrono Boost)  
  44  8:52  Anion Pulse-Crystals (Chrono Boost)  
  44  8:59  Probe  
  45  9:11  Probe  
  46  9:26  Nexus  
  46  9:35  Probe  
  47  9:47  Probe  
  48  9:59  Probe  
  49  10:09  Graviton Catapult (Chrono Boost)  
  49  10:11  Probe  
  49  10:12  Carrier (Chrono Boost)  
  56  10:23  Probe  
  57  10:35  Probe  
  57  10:40  Pylon  
  58  10:46  Photon Cannon  
  58  10:47  Probe  
  55  10:52  Photon Cannon  
  51  11:00  Probe  
  52  11:37  Carrier (Chrono Boost)  
  58  11:48  Pylon  
  58  11:49  Protoss Air Weapons Level 1  
  58  11:51  Photon Cannon  
  58  11:57  Photon Cannon  
  58  12:05  Stargate  
  58  12:26  Mothership Core  
  58  12:29  Pylon  
  60  12:31  Protoss Shields Level 1  
  60  12:38  Pylon  
  66  12:51  Carrier (Chrono Boost)  
  72  13:10  Carrier (Chrono Boost)  
  72  13:26  Protoss Air Weapons Level 2  
  72  13:50  Pylon  
  72  13:52  Photon Cannon  
  72  13:56  Photon Cannon  
  72  13:58  Photon Cannon  
  72  14:06  Carrier (Chrono Boost)  
  84  14:36  Carrier (Chrono Boost)  
  84  14:56  Assimilator  
  84  15:20  Carrier (Chrono Boost)  
  82  16:13  Protoss Air Weapons Level 3  
  58  16:33  Stargate  
  58  16:37  Carrier (Chrono Boost)  
  58  16:59  Pylon  
  58  17:01  Pylon  
  58  17:07  Pylon  
  58  17:10  Pylon  
  58  17:14  Probe  
  59  17:20  Stargate  
  59  17:26  Probe  
  60  17:30  Assimilator  
  60  17:38  Probe  
  60  17:42  Carrier (Chrono Boost)  
  73  17:51  Probe  
  80  17:53  Carrier (Chrono Boost)  
  80  18:03  Carrier (Chrono Boost)  
  87  18:16  Carrier (Chrono Boost)  
  89  19:02  Oracle (Chrono Boost)  
Show
View Real Time Build Order
Export as new Build Order

FernandoHase Protoss 

Build Orders:  

Get SALT Encoding   

  12  0:02  Probe (Chrono Boost)  
  13  0:13  Probe (Chrono Boost)  
  14  0:38  Pylon  
  14  0:42  Probe (Chrono Boost)  
  15  0:53  Pylon  
  15  0:56  Probe (Chrono Boost)  
  16  1:01  Gateway  
  16  1:02  Gateway  
  16  1:12  Probe (Chrono Boost)  
  16  1:17  Assimilator  
  17  1:22  Probe (Chrono Boost)  
  18  1:26  Assimilator  
  18  1:33  Probe (Chrono Boost)  
  19  1:43  Probe (Chrono Boost)  
  20  1:51  Zealot x2  
  24  2:02  Probe (Chrono Boost)  
  25  2:09  Cybernetics Core  
  25  2:13  Probe (Chrono Boost)  
  25  2:14  Pylon  
  26  2:21  Zealot  
  28  2:24  Probe (Chrono Boost)  
  28  2:26  Zealot  
  31  2:34  Probe (Chrono Boost)  
  32  2:46  Stargate  
  32  2:51  Stalker  
  32  2:53  Stalker  
  34  3:21  Stalker  
  36  3:36  Stalker  
  38  4:14  Pylon  
  38  4:22  Nexus  
  38  4:32  Void Ray, Stalker x2  
  38  4:36  Pylon  
  38  4:37  Pylon  
  46  4:46  Probe (Chrono Boost)  
  47  4:57  Probe (Chrono Boost)  
  48  5:02  Stalker  
  48  5:04  Pylon  
  50  5:07  Pylon  
  50  5:08  Probe (Chrono Boost)  
  50  5:13  Forge  
  51  5:18  Probe (Chrono Boost)  
  52  5:27  Void Ray  
  56  5:35  Probe (Chrono Boost)  
  57  5:57  Probe (Chrono Boost)  
  57  5:58  Probe (Chrono Boost)  
  59  6:08  Probe x2 (Chrono Boost)  
  61  6:17  Photon Cannon  
  62  6:18  Photon Cannon, Probe (Chrono Boost)  
  62  6:19  Probe (Chrono Boost)  
  62  6:23  Photon Cannon  
  63  6:29  Probe x2 (Chrono Boost)  
  63  6:32  Photon Cannon  
  65  6:37  Assimilator  
  65  6:39  Probe (Chrono Boost)  
  67  6:40  Probe (Chrono Boost)  
  67  6:43  Assimilator  
  67  6:45  Pylon  
  67  6:50  Pylon, Probe x2 (Chrono Boost)  
  69  7:01  Stargate, Probe x2 (Chrono Boost)  
  71  7:11  Probe (Chrono Boost)  
  71  7:12  Protoss Air Weapons Level 1  
  71  7:13  Fleet Beacon  
  72  7:18  Stargate  
  72  7:41  Nexus  
  72  7:44  Probe x2 (Chrono Boost)  
  74  7:52  Assimilator  
  74  7:54  Void Ray, Probe x2 (Chrono Boost)  
  74  7:57  Assimilator  
  80  8:05  Void Ray  
  84  8:16  Robotics Facility  
  84  8:27  Probe x2 (Chrono Boost)  
  86  8:38  Probe x2 (Chrono Boost)  
  88  8:45  Void Ray  
  93  8:48  Probe x2 (Chrono Boost)  
  93  8:50  Void Ray  
  98  8:59  Probe x2 (Chrono Boost)  
  100  9:03  Void Ray  
  100  9:06  Protoss Air Armor Level 1  
  100  9:08  Probe (Chrono Boost)  
  100  9:09  Probe x2 (Chrono Boost)  
  107  9:26  Probe (Chrono Boost)  
  107  9:30  Void Ray  
  112  9:33  Void Ray  
  116  9:46  Phoenix  
  114  10:11  Phoenix  
  114  10:13  Phoenix  
  118  10:16  Void Ray  
  86  11:01  Void Ray x2  
  64  11:44  Void Ray, Probe (Chrono Boost)  
  65  11:50  Pylon  
  65  11:52  Pylon  
  63  11:54  Pylon  
  63  11:55  Void Ray, Probe (Chrono Boost)  
  64  12:05  Probe (Chrono Boost)  
  65  12:14  Void Ray  
  69  12:16  Pylon  
  69  12:22  Pylon  
  69  12:25  Pylon  
  69  12:27  Void Ray  
  69  12:28  Probe x3 (Chrono Boost)  
  76  12:32  Pylon  
  76  12:38  Void Ray, Observer, Probe (Chrono Boost)  
  76  12:39  Probe x2 (Chrono Boost)  
  76  12:41  Stargate  
  84  12:49  Stargate, Probe x2 (Chrono Boost)  
  86  12:52  Probe (Chrono Boost)  
  87  12:59  Observer, Probe (Chrono Boost)  
  87  13:00  Probe (Chrono Boost)  
  87  13:03  Void Ray, Probe (Chrono Boost)  
  95  13:09  Void Ray  
  95  13:10  Probe (Chrono Boost)  
  100  13:21  Mothership Core (Chrono Boost), Void Ray  
  106  13:32  Pylon  
  106  13:34  Void Ray x2  
  114  13:46  Void Ray, Pylon  
  118  13:52  Void Ray  
  118  13:55  Photon Cannon  
  122  13:57  Photon Cannon  
  122  14:00  Pylon  
  122  14:04  Void Ray  
  122  14:08  Pylon  
  126  14:16  Void Ray  
  126  14:17  Void Ray  
  126  14:21  Nexus  
  134  14:28  Photon Cannon  
  134  14:29  Void Ray  
  134  14:30  Photon Cannon  
  134  14:35  Void Ray  
  134  14:41  Pylon  
  134  14:43  Photon Cannon  
  134  14:47  Void Ray  
  138  14:59  Void Ray x2  
  146  15:09  Assimilator  
  146  15:11  Assimilator, Void Ray  
  150  15:18  Void Ray  
  150  15:29  Void Ray  
  118  15:42  Void Ray  
  118  15:43  Void Ray  
  118  15:54  Void Ray  
  122  16:01  Void Ray  
  126  16:12  Mothership Core (Chrono Boost), Void Ray  
  132  16:25  Void Ray x2  
  140  16:37  Void Ray  
  144  16:41  Nexus  
  144  16:59  Void Ray x2  
  152  17:06  Assimilator  
  152  17:08  Void Ray x2  
  152  17:10  Assimilator  
  160  17:20  Void Ray  
  124  18:16  Void Ray x4  
  124  18:17  Void Ray  
  144  18:35  Observer  
  145  18:56  Observer  
  145  18:59  Void Ray x2  
  153  19:06  Void Ray x3  
  157  19:18  Observer  
  158  19:38  Robotics Bay  
  158  19:42  Void Ray x2  
  166  19:48  Void Ray  
  166  19:49  Void Ray  
  174  20:00  Assimilator  
Tags
 
Add a new tag
Caveats
  • Supply blocks, unpowered buildings, or Contaminate may cause inaccurate times.
  • Supply counts are checked every 10 seconds.